 Dungeon Crawl Stone Soup version 0.29.0-7-g18a832c13a (webtiles) character file.

Game seed: 13895317271697560895

3332 Anamonty the Changer (level 10, -6/71 HPs)
             Began as an Octopode Transmuter on Aug 31, 2022.
             Was a Follower of Kikubaaqudgha.
             Mangled by a warg (11 damage)
             ... on level 9 of the Dungeon.
             The game lasted 00:16:55 (9324 turns).

Anamonty the Changer (Octopode Transmuter)          Turns: 9324, Time: 00:16:56

Health: -6/71      AC:  1    Str: 12    XL:     10   Next: 2%
Magic:  25/26      EV: 14    Int: 18    God:    Kikubaaqudgha [*.....]
Gold:   310        SH:  0    Dex: 12    Spells: 9/19 levels left

rFire   . . .      SeeInvis .   v - +2 rapier (flame)
rCold   . . .      Faith    .   (no shield)
rNeg    + . .      Spirit   .   (helmet restricted)
rPois   .          Reflect  .   s - amulet of regeneration
rElec   .          Harm     .   l - ring of positive energy
rCorr   .          Rampage  .   x - ring of magical power
Will    .....                   (no ring)
Stlth   ++........              (no ring)
HPRegen 1.01/turn               (no ring)
MPRegen 0.20/turn               (no ring)
                                (no ring)
                                (no ring)

@: no status effects
A: almost no armour, amphibious, 8 rings, camouflage 1, gelatinous body 1,
(nimble swimmer 1), tentacles
a: Renounce Religion, Unearth Wretches


You were on level 9 of the Dungeon.
You worshipped Kikubaaqudgha.
Kikubaaqudgha was aware of your devotion.
You visited 2 branches of the dungeon, and saw 10 of its levels.

You collected 485 gold pieces.
You spent 175 gold pieces at shops.

Inventory:

Hand Weapons
 a - a +0 sling
 v - a +2 rapier of flaming (weapon)
Missiles
 d - 13 poisoned darts
 q - 9 atropa-tipped darts
 t - 3 silver javelins
Jewellery
 b - a ring of fire
 l - a ring of positive energy (left tentacle)
 s - an amulet of regeneration (around mantle)
 x - a ring of magical power (right tentacle)
 y - an amulet of magic regeneration
 L - a ring of poison resistance
Wands
 f - a wand of polymorph (4)
 D - a wand of flame (9)
 I - a wand of roots (1) (quivered)
 K - a wand of digging (6)
Scrolls
 k - a scroll of enchant armour
 n - 3 scrolls of immolation
 o - 3 scrolls of fog
 p - a scroll of teleportation
 u - a scroll of blinking
 w - a scroll of torment
 B - 2 scrolls of amnesia
 C - a scroll of vulnerability {unknown}
 E - a scroll of poison {unknown}
 G - a scroll of enchant weapon {unknown}
 J - a scroll of fear {unknown}
 M - a scroll of identify
Potions
 e - a potion of attraction {unknown}
 g - 4 potions of haste
 h - a potion of degeneration {unknown}
 i - 4 potions of curing
 j - 3 potions of brilliance {unknown}
 m - a potion of heal wounds
 r - a potion of might {unknown}
 z - 3 potions of lignification
 A - a potion of berserk rage {unknown}
 F - a potion of flight {unknown}
 H - a potion of mutation {unknown}


   Skills:
 * Level 7.3 Fighting
 + Level 5.3 Dodging
 + Level 5.7 Unarmed Combat
 + Level 5.0 Spellcasting
 * Level 3.0 Necromancy
 * Level 7.4 Transmutations


You had 9 spell levels left.
You knew the following spells:

 Your Spells              Type           Power      Damage    Failure   Level
a - Beastly Appendage     Tmut           62%        N/A       1%          1
b - Wereblood             Tmut           31%        N/A       1%          2
c - Spider Form           Tmut/Pois      17%        N/A       9%          3
d - Ice Form              Ice/Tmut       17%        N/A       28%         4

Your spell library contained the following spells:

 Spells                   Type           Power      Damage    Failure   Level
 Necrotise                Necr           60%        1d7       3%          1
 Sublimation of Blood     Necr           15%        N/A       6%          2
 Vampiric Draining        Necr           15%        2d7       12%         3
 Petrify                  Tmut/Erth      17%        N/A       28%         4
 Confusing Touch          Hex            4%         N/A       36%         3
 Frozen Ramparts          Ice            8%         1d2       36%         3
 Animate Dead             Necr           15%        N/A       36%         4
 Anguish                  Hex/Necr       5%         N/A       56%         4
 Irradiate                Conj/Tmut      8%         3d14      63%         5
 Yara's Violent Unravell  Hex/Tmut       8%         3d5       63%         5
 Summon Ice Beast         Ice/Summ       4%         N/A       78%         4
 Enfeeble                 Hex            2%         N/A       100%        7


Dungeon Overview and Level Annotations

Branches:
Dungeon (9/15)             Temple (1/1) D:5            Lair (0/5) D:9
    Orc: D:9-12

Altars:
Ashenzari
Cheibriados
Dithmenos
Elyvilon
Fedhas
Gozag
Hepliaklqana
Kikubaaqudgha
Makhleb
Nemelex Xobeh
Okawaru
Qazlal
Ru
Sif Muna
Trog
Uskayaw
Wu Jian
Xom
Yredelemnul
Zin
The Shining One

Shops:
D:1 [   D:7 ?(

Annotations:
D:7 2 transporters
D:8 Amaemon


Innate Abilities, Weirdness & Mutations

You cannot wear most types of armour.
You are amphibious.
You can wear up to eight rings at the same time.
Your skin changes colour to match your surroundings (Stealth+).
Your rubbery body absorbs attacks. (AC +1, EV +1)
((You are camouflaged when in or above water. (Stealth+)))
You have tentacles for arms and can constrict up to eight enemies at once.


Message History

You can't wield anything in your present form.
Unknown command.
Unknown command.
Really quaff the potion of lignification?
Your transformation has ended.
Your +2 rapier of flaming unmelds from your body.
Your +2 rapier of flaming bursts into flame!
You turn into a tree.
Your roots penetrate the ground.
The warg completely misses you. The orc wizard barely misses you.
The warg bites you but does no damage.
You barely miss the warg.
The warg is almost dead.
The warg bites you but does no damage. The warg bites you.
The orc wizard hits you with a +0 dagger.
* * * LOW HITPOINT WARNING * * *
The warg bites you but does no damage.
You barely miss the warg.
The warg is almost dead.
The warg bites you!
* * * LOW HITPOINT WARNING * * *
The orc wizard hits you but does no damage.
The warg bites you but does no damage. The warg bites you!
* * * LOW HITPOINT WARNING * * *
The warg bites you but does no damage.
The orc wizard hits you with a +0 dagger.
* * * LOW HITPOINT WARNING * * *
You hit the warg. You burn the warg.
The warg is almost dead.
The warg bites you.
* * * LOW HITPOINT WARNING * * *
The warg bites you.
* * * LOW HITPOINT WARNING * * *
The orc wizard hits you but does no damage.
The warg barely misses you.
Your magical effects are unravelling.
You feel magically purged.
You feel less wooden.
Your primal bloodlust has ended.
The warg bites you!
You die...
Kikubaaqudgha rasps: "You have failed me!
Welcome... death!"

####.###### #.....#
#.........# #......
.#.........#######.....^
................##......
#.........####.........
#.........# ####.>....
#.........# #......
######.h### ##.####
####@##### .. #..ooh...#
#.. #.......## ###
#.......# #.......#
#.............o
#.............>
............P..o
###.......#......


You could see 2 wargs, an orc wizard and an orc.

Vanquished Creatures
  A harpy (D:8)
  A wyvern (D:9)
  Eustachio (D:6)
  An ice beast (D:6)
  3 black bears
  An ogre (D:5)
  A centaur (D:8)
  A kobold brigand (D:6)
  2 phantoms
  Blork the orc (D:6)
  4 bullfrogs
  2 gnoll sergeants (D:9)
  3 scorpions
  4 killer bees (D:9)
  4 howler monkeys
  4 hounds
  4 jellies
  3 orc priests
  4 iguanas
  4 orc wizards
  Robin (D:3)
  10 gnolls (D:9)
  7 adders
  A shadow imp (D:6)
  4 white imps
  An ufetubus (D:6)
  A worm (D:3)
  4 dart slugs
  25 orcs
  4 bats
  9 endoplasms
  5 giant cockroaches
  11 hobgoblins
  4 jackals (D:4)
  18 kobolds
  5 quokkas
  8 ball pythons
  4 frilled lizards
  7 goblins (D:3)
  2 rats
  2 butterflies (D:5)
182 creatures vanquished.

Notes
Turn   | Place    | Note
-------+----------+-------------------------------------------
     0 | D:1      | Anamonty the Octopode Transmuter began the quest for the
                  | Orb.
     0 | D:1      | Reached XP level 1. HP: 13/13 MP: 3/3
   235 | D:1      | Reached XP level 2. HP: 14/18 MP: 5/5
   342 | D:1      | Found Kamim's Antique Armour Emporium.
   854 | D:1      | Learned a level 2 spell: Wereblood
   954 | D:1      | Reached XP level 3. HP: 21/24 MP: 6/6
   958 | D:1      | Learned a level 3 spell: Spider Form
  1435 | D:1      | Found a faded altar of an unknown god.
  2133 | D:3      | Reached XP level 4. HP: 29/29 MP: 7/7
  2332 | D:3      | Found a glowing silver altar of Zin.
  2332 | D:3      | Noticed an angel
  2722 | D:3      | Reached XP level 5. HP: 20/35 MP: 6/8
  2955 | D:3      | Noticed Robin
  2970 | D:3      | Killed Robin
  2971 | D:3      | Reached XP level 6. HP: 25/42 MP: 5/10
  3541 | D:4      | Noticed a black bear
  3634 | D:3      | Learned a level 4 spell: Ice Form
  4097 | D:4      | Found a blossoming altar of Fedhas.
  4097 | D:4      | Found a bloodstained altar of Trog.
  4099 | D:4      | Found a stormy altar of Qazlal.
  4284 | D:4      | Killed a black bear
  4285 | D:4      | Reached XP level 7. HP: 47/47 MP: 6/11
  4352 | D:4      | HP: 2/48 [orc/+0 whip (6)]
  5148 | D:5      | Entered Level 5 of the Dungeon
  5205 | D:5      | Found a shimmering blue altar of Sif Muna.
  5230 | D:5      | Found a staircase to the Ecumenical Temple.
  5342 | Temple   | Entered the Ecumenical Temple
  5420 | Temple   | Became a worshipper of Kikubaaqudgha
  5736 | D:5      | Reached skill level 5 in Transmutations
  6076 | D:5      | Reached XP level 8. HP: 53/54 MP: 13/13
  6214 | D:6      | Noticed Eustachio
  6240 | D:6      | Reached skill level 5 in Fighting
  6322 | D:6      | Noticed Blork the orc
  6334 | D:6      | Killed Blork the orc
  7385 | D:6      | Killed Eustachio
  7505 | D:7      | Reached skill level 5 in Unarmed Combat
  7505 | D:7      | Reached XP level 9. HP: 62/62 MP: 15/15
  7654 | D:7      | Found a transporter.
  7665 | D:7      | Found a transporter.
  7682 | D:7      | Found Plog's Magic Scroll Emporium.
  7689 | D:7      | Bought a scroll of blinking for 97 gold pieces
  7689 | D:7      | Bought a scroll of identify for 26 gold pieces
  7689 | D:7      | Bought a scroll of identify for 26 gold pieces
  7689 | D:7      | Bought a scroll of identify for 26 gold pieces
  7708 | D:7      | Found Uxkyq's Weapon Shoppe.
  7997 | D:7      | Noticed a kobold demonologist
  8023 | D:7      | Noticed a kobold demonologist
  8152 | D:8      | Noticed Maggie
  8154 | D:8      | Noticed Maggie
  8154 | D:8      | Maggie changed into Maggie the harpy
  8190 | D:8      | Reached * piety under Kikubaaqudgha
  8190 | D:8      | Received a gift from Kikubaaqudgha
  8288 | D:8      | Noticed Amaemon
  8442 | D:8      | Killed Maggie the harpy
  8443 | D:8      | Reached skill level 5 in Dodging
  8649 | D:9      | Found a broken altar of Ashenzari.
  9175 | D:9      | Found a hazy altar of Hepliaklqana.
  9176 | D:9      | Found a shimmering altar of Xom.
  9177 | D:9      | Noticed a hornet
  9177 | D:9      | Noticed a spectral ugly thing
  9223 | D:9      | Reached skill level 5 in Spellcasting
  9223 | D:9      | Reached XP level 10. HP: 31/71 MP: 13/17
  9295 | D:9      | Found a staircase to the Lair.
  9324 | D:9      | Mangled by a warg

Illustrated notes

Levels and vault maps discovered:
D:1:      psy_arrival_conway, layout_basic, serial_shops,
          nicolae_shop_hallway_stairs, shapermc_ecumenical_altar_mp_vishouse
D:2:      layout_rooms
D:3:      layout_loops_ring, zin_angel, chequers_serial_rivers_marsh, uniq_robin
D:4:      layout_layer_cave, gammafunk_temple_overflow_forgotten,
          minmay_fractal_squares_diagonal_5
D:5:      layout_basic, nicolae_sif_muna_condensation,
          minmay_temple_entry_butterflies, hangedman_decor_lopped,
          palyth_stone_intersect, hangedman_abyss_or_decor_lesser_grid,
          minmay_fountain_box
D:6:      layout_layer_cave, uniq_blork_the_orc, uniq_eustachio
D:7:      gammafunk_wand_slinger, layout_rooms, serial_shops, shop,
          kennysheep_mini_moat, roderic_lattice_a, due_unseen_surprise
D:8:      layout_cave_pools, corexii_checkpoint_b, uniq_amaemon, uniq_maggie
D:9:      layout_roguey, regret_index_temple_of_mockery, amcnicky_altar_gilded,
          erik_lair_orcish_takeover
Temple:   eino_narrow_crystal_temple

Skill      XL: |  1  2  3  4  5  6  7  8  9 |
---------------+----------------------------+-----
Fighting       | 2 3 4 6 7 |  7.3
Transmutations | 3 4 5 6 7 |  7.4
Dodging        | 3 4 5 |  5.3
Spellcasting   | 3 4 5 |  5.0
Unarmed Combat | 4 5 |  5.7
Necromancy     | 3 |  3.0

Action                   |  1- 3 |  4- 6 |  7- 9 | 10-12 || total
-------------------------+-------+-------+-------+-------++-------
Melee: Unarmed           |    63 |    40 |   144 |    16 ||   263
       Constrict         |    24 |    16 |    27 |       ||    67
       Tentacles         |    16 |    22 |    37 |       ||    75
       Kick              |    11 |    15 |    19 |       ||    45
       Punch             |     1 |     2 |     4 |       ||     7
       Short sword       |     8 |    77 |    42 |       ||   127
       Rapier            |       |       |    95 |     3 ||    98
 Fire: Sling             |       |       |     9 |       ||     9
Throw: Dart              |    11 |     1 |       |       ||    12
       Javelin           |       |       |     7 |       ||     7
 Cast: Beastly Appendage |    11 |    11 |     9 |       ||    31
       Wereblood         |     1 |     4 |    12 |     1 ||    18
       Spider Form       |       |     5 |     9 |     1 ||    15
       Ice Form          |       |     1 |     9 |       ||    10
Evoke: Wand              |       |       |     7 |       ||     7
  Use: Scroll            |       |     2 |    11 |       ||    13
       Potion            |       |       |     2 |     2 ||     4
 Stab: Sleeping          |     7 |     2 |     1 |       ||    10
Armor: Skin              |     7 |     9 |    71 |     7 ||    94
Dodge: Dodged            |    55 |    72 |   251 |    18 ||   396
